 Dungeon Crawl Stone Soup version 0.26-a0-30-g56b8cd3df0 (webtiles) character file.

Game seed: 558998549617662788, levelgen mode: deterministic

120440 vurker the Gelid (level 16, -22/148 HPs)
             Began as a Naga Venom Mage on June 1, 2020.
             Was a High Priest of Vehumet.
             Engulfed by a cloud of flame (23 damage)
             ... on level 3 of the Shoals.
             The game lasted 01:31:49 (44221 turns).

vurker the Gelid (Naga Venom Mage)                 Turns: 44221, Time: 01:31:50

Health: -22/148    AC: 11    Str: 10    XL:     16   Next: 82%
Magic:  20/35      EV:  8    Int: 32    God:    Vehumet [*****.]
Gold:   3703       SH: 19    Dex:  9    Spells: 32/46 levels left

rFire    . . .     SeeInvis +   a - staff of poison
rCold    . . .     Gourm    .   N - +0 tower shield
rNeg     + . .     Faith    .   i - +2 robe {MR+}
rPois    +         Spirit   .   z - +1 hat {MR+}
rElec    .         Reflect  +   h - +0 cloak {rCorr}
rCorr    +         Harm     .   y - +0 pair of gloves
MR       ++++.                  (no barding)
Stlth    +++.......             I - amulet "Feiromog" {Reflect +Inv Int+10 Dex-4 SH+5}
HPRegen  0.34/turn              c - ring of stealth
MPRegen  0.24/turn              p - ring of positive energy

@: very slow
A: large, see invisible, deformed body, poison resistance, slowness 2, slow
metabolism 1, spit poison 1, constrict 1, AC +5
a: Spit Poison, Renounce Religion, Evoke Invisibility


You were on level 3 of the Shoals.
You worshipped Vehumet.
Vehumet was extremely pleased with you.
You were not hungry.

You visited 5 branches of the dungeon, and saw 27 of its levels.

You collected 3751 gold pieces.
You spent 48 gold pieces at shops.

Inventory:

Hand Weapons
 b - a +0 dagger of electrocution
   (You took it off an orc wizard on level 9 of the Dungeon)
Armour
 h - a +0 cloak of preservation (worn)
   (You acquired it on level 2 of the Orcish Mines)
 i - a +2 robe of magic resistance (worn)
   (You took it off an orc sorcerer on level 2 of the Orcish Mines)
 y - a +0 pair of gloves (worn)
   (You found it on level 6 of the Dungeon)
 z - a +1 hat of magic resistance (worn)
   (You took it off Gastronok on level 7 of the Dungeon)
 N - a +0 tower shield (worn)
   (You found it on level 1 of the Shoals)
Magical Staves
 a - an uncursed staff of poison (weapon)
   (You found it on level 3 of the Lair of Beasts)
Jewellery
 c - a ring of stealth (left hand)
   (You found it on level 7 of the Dungeon)
 p - a ring of positive energy (right hand)
   (You found it on level 2 of the Dungeon)
 H - the amulet of the Four Winds {rN+ MR+++ Clar}
   (You found it on level 5 of the Lair of Beasts)

   [amulet of nothing]

   It protects you from negative energy.
   It affects your resistance to hostile enchantments.
   It protects you against confusion.
 I - the amulet "Feiromog" (around neck) {Reflect +Inv Int+10 Dex-4 SH+5}
   (You found it on level 6 of the Lair of Beasts)

   [amulet of reflection]

   It shields you and reflects attacks.
   It affects your intelligence (+10).
   It affects your dexterity (-4).
   It lets you turn invisible.
   It affects your SH (+5).
Wands
 d - a wand of iceblast (31)
   (You found it on level 4 of the Lair of Beasts)
 s - a wand of polymorph (27)
   (You took it off Robin on level 3 of the Dungeon)
 t - a wand of flame (44)
   (You took it off Grum on level 9 of the Dungeon)
 u - a wand of paralysis (21)
   (You found it on level 1 of the Lair of Beasts)
 x - a wand of acid (6)
   (You found it on level 8 of the Dungeon)
 O - a wand of clouds (8)
   (You took it off an orc wizard on level 9 of the Dungeon)
Scrolls
 f - 2 scrolls of teleportation
 g - 5 scrolls of magic mapping
 j - 17 scrolls of remove curse
 l - 5 scrolls of enchant weapon
 m - 6 scrolls of fear
 w - 3 scrolls of amnesia
 A - 2 scrolls of brand weapon
 D - 4 scrolls of immolation
 F - 2 scrolls of fog
 G - 4 scrolls of enchant armour
 L - a scroll of summoning
 P - a scroll of blinking
Potions
 k - 10 potions of curing
 n - 4 potions of flight
 o - 4 potions of lignification
 q - 2 potions of heal wounds
 r - a potion of invisibility
 v - a potion of mutation
 C - 5 potions of ambrosia
 J - 2 potions of haste
 K - 3 potions of brilliance
 M - a potion of resistance
Comestibles
 e - 53 rations
 B - a chunk of flesh


   Skills:
 - Level 10.7 Fighting
 - Level 1.5 Dodging
 - Level 3.0 Stealth
 + Level 8.8 Shields
 + Level 15.8 Spellcasting
 - Level 3.0 Conjurations
 - Level 1.0 Transmutations
 - Level 2.0 Fire Magic
 * Level 16.0 Ice Magic
 - Level 2.0 Air Magic
 - Level 10.0 Poison Magic
 + Level 3.6 Evocations


You had 32 spell levels left.
You knew the following spells:

 Your Spells              Type           Power        Failure   Level  Hunger
a - Sting                 Tmut/Pois      ####         1%          1    None
b - Mephitic Cloud        Conj/Pois/Air  ######..     1%          3    None
c - Poisonous Vapours     Pois/Air       ######       1%          2    None
d - Freeze                Ice            ####         0%          1    None
q - Olgreb's Toxic Radia  Pois           #######.     1%          4    None
w - Ignite Poison         Fire/Tmut/Pois ######..     1%          3    None

Your spell library contained the following spells:

 Spells                   Type           Power        Failure   Level  Hunger
 Chain Lightning          Conj/Air       #####.....   100%        8    ######.
 Foxfire                  Conj/Fire      ####         1%          1    None
 Magic Dart               Conj           ####         1%          1    None
 Searing Ray              Conj           #####.       1%          2    None
 Conjure Flame            Conj/Fire      #####...     1%          3    None
 Frozen Ramparts          Ice            ######       1%          3    None
 Ozocubu's Armour         Chrm/Ice       ######..     1%          3    None
 Hailstorm                Conj/Ice       ######..     1%          4    None
 Dazzling Flash           Conj/Hex       ####..       2%          3    None
 Summon Ice Beast         Ice/Summ       ######..     2%          4    None
 Inner Flame              Hex/Fire       ####....     3%          3    None
 Summon Small Mammal      Summ           ####         6%          1    None
 Sticky Flame             Conj/Fire      #####...     6%          4    None
 Metabolic Englaciation   Hex/Ice        ######....   6%          5    None
 Fulminant Prism          Conj/Hex       ####......   9%          4    None
 Iskenderun's Mystic Bla  Conj/Tloc      ####....     9%          4    None
 Call Imp                 Summ           ####....     10%         2    None
 Fireball                 Conj/Fire      #####.....   16%         5    None
 Call Canine Familiar     Summ           ####....     19%         3    None
 Confusing Touch          Hex            ####....     19%         3    None
 Gell's Gravitas          Tloc           ####......   19%         3    None
 Summon Guardian Golem    Hex/Summ       ####....     19%         3    None
 Yara's Violent Unravell  Hex/Tmut       ####......   32%         5    None
 Summon Lightning Spire   Summ/Air       ####....     38%         4    None
 Petrify                  Tmut/Erth      ####....     45%         4    None
 Cause Fear               Hex            ####......   52%         4    None
 Silence                  Hex/Air        ####......   75%         5    None
 Discord                  Hex            ####......   100%        8    ######.


Dungeon Overview and Level Annotations

Branches:
Dungeon (15/15)            Temple (1/1) D:6            Lair (6/6) D:9
 Shoals (3/4) Lair:4        Snake (0/4) Lair:4        Slime (0/5) Lair:6
    Orc (2/2) D:12            Elf (0/3) Orc:2        Vaults (0/5) D:14
 Depths (0/5) D:15

Altars:
Ashenzari
Cheibriados
Fedhas
Gozag
Hepliaklqana
Kikubaaqudgha
Makhleb
Okawaru
Ru
Sif Muna
Trog
Uskayaw
Vehumet
Wu Jian
Yredelemnul
Zin
Beogh
Jiyva

Shops:
D:5 (   D:8 *   D:9 }   Orc:2 =}%?   Shoals:1 =

Annotations:
D:4 2 transporters, sentinel's ghost, amateur SpAr
Shoals:2 Ilsuiw


Innate Abilities, Weirdness & Mutations

You cannot wear boots.
Your serpentine skin is tough. (AC +5)
You have supernaturally acute eyesight. (SInv)
Armour fits poorly on your strangely shaped body.
Your system is resistant to poisons. (rPois)
You cover ground very slowly.
You have a slow metabolism.
You can spit poison.
You can use your snake-like lower body to constrict enemies.


Message History

The harpy is engulfed in blazing flames.
You block the harpy's attack. x2
The harpy is engulfed in blazing flames.
The harpy barely misses you. The harpy claws you!
The harpy is engulfed in blazing flames. x2
A merfolk impaler comes into view.
It is wielding a +3 trident of protection.
The harpy is engulfed in blazing flames.
The harpy claws you! You block the harpy's attack.
You feel a surge of power!
You are standing in a cloud of noxious fumes!
Ignite poison anyway?
You ignite the poison in your surroundings!
The manticore seems to burn from within!!!
You kill the manticore!
Vehumet accepts your kill.
You are engulfed in blazing flames.
The plant is engulfed in blazing flames.
The harpy is engulfed in blazing flames. x3
The harpy completely misses you. You block the harpy's attack.
The harpy is engulfed in blazing flames.
The harpy barely misses you. You block the harpy's attack.
The harpy is engulfed in blazing flames.
The harpy claws you! You block the harpy's attack.
The harpy is engulfed in blazing flames. x2
The harpy claws you!
* * * LOW HITPOINT WARNING * * *
You block the harpy's attack.
The harpy is engulfed in blazing flames. x2
Unknown command.
You are engulfed in blazing flames.
* * * LOW HITPOINT WARNING * * *
The harpy is engulfed in blazing flames. x2
You block the harpy's attack. The harpy claws you but does no damage.
The harpy is engulfed in blazing flames. x2
You block the harpy's attack. The harpy barely misses you.
The harpy is engulfed in blazing flames.
The harpy claws you!
* * * LOW HITPOINT WARNING * * *
The harpy claws you!
* * * LOW HITPOINT WARNING * * *
The harpy is engulfed in blazing flames.
You block the harpy's attack. x2
The harpy is engulfed in blazing flames. x2
The harpy barely misses you. The harpy claws you!
* * * LOW HITPOINT WARNING * * *
The harpy is engulfed in blazing flames. x2
Unknown command.
Unknown command.
Unknown command.
You are engulfed in blazing flames.
You die...

≈≈≈≈≈≈≈≈≈ ≈≈≈≈
.≈≈≈≈≈≈≈≈ ≈≈≈≈≈P
..≈≈≈≈≈≈≈ ..≈≈P≈.
##..≈≈≈≈≈≈
..PPPPP##.m......≈ ≈.
...P≈≈.P..°°☼....≈
≈≈..##.≈PP...H.°......
≈≈.[#PP≈≈≈≈H§H@#
≈≈.PPPPP≈≈≈§§§H#
≈≈≈≈P≈PPP≈≈P§○P#
≈≈≈≈≈PPP≈P≈≈≈..#
≈≈≈≈≈≈≈.P..≈≈P####
≈≈≈≈≈≈..)...≈≈....
≈≈≈≈≈...##..≈≈≈....
≈≈≈≈≈..###..≈......
≈≈≈≈≈.####...P.....


You could see a merfolk impaler and 4 harpies.

Vanquished Creatures
  Rupert (D:12)
  Gastronok (D:7)
  Kirke (D:14)
  2 orc warlords
  3 dire elephants (Lair:6)
  Snorg (Lair:4)
  4 merfolk impalers
  6 hydras
  3 merfolk avatars
  A merfolk aquamancer (Shoals:1)
  2 death knights
  2 centaur warriors
  An anaconda (Lair:6)
  An alligator snapping turtle (Shoals:2)
  11 two-headed ogres
  An ogre mage (D:15)
  Urug (D:13)
  A queen ant (D:10)
  4 orc high priests (Orc:2)
  Sonja (D:12)
  3 skeletal warriors (D:12)
  An unseen horror (D:15)
  4 sea snakes
  4 orc knights
  A phantasmal warrior (D:14)
  A wolf spider zombie (D:15)
  A necromancer (D:15)
  A wizard (D:15)
  2 deep elf magi
  6 orc sorcerers
  4 oklob plants (Lair:5)
  5 manticores
  6 ugly things
  2 cyclopes
  3 centaur zombies
  2 merfolk sirens
  4 elephants (Lair:6)
  A water nymph (Shoals:1)
  A moth of wrath (D:2)
  2 naga magi (D:15)
  3 black mambas
  2 gargoyles (D:15)
  4 centaur skeletons
  A torpor snail (Lair:5)
  5 spiny frogs
  2 kobold demonologists
  A rime drake (Lair:4)
  9 komodo dragons
  4 freezing wraiths
  9 trolls
  3 meliai (D:15)
  A queen bee (Orc:1)
  7 merfolk
  A wind drake (shapeshifter) (D:15)
  2 hornets
  10 blink frogs
  10 hippogriffs
  5 slime creatures (D:15)
  Grinder (D:6)
  A dream sheep (shapeshifter) (D:14)
  A hippogriff (shapeshifter) (D:15)
  A wind drake (Shoals:1)
  8 dream sheep
  2 snapping turtles (Shoals:1)
  A shadow (D:13)
  19 flying skulls (D:12)
  A yak (shapeshifter) (D:14)
  A spriggan (Lair:4)
  A tarantella (shapeshifter) (D:15)
  A centaur simulacrum (D:13)
  6 basilisks
  3 wraiths
  53 yaks
  A wyvern (D:15)
  3 water elementals (Shoals:1)
  Grum (D:9)
  A hog (D:14)
  4 hungry ghosts
  7 vampire mosquitoes
  A steam dragon (D:13)
  4 wargs
  21 soldier ants
  10 water moccasins
  20 porcupines
  3 sky beasts
  46 orc warriors
  5 black bears
  4 ice beasts
  3 phantoms
  2 necrophages (D:11)
  9 centaurs
  20 ogres
  56 wolves
  An ogre (shapeshifter) (D:14)
  9 crocodiles
  5 big kobolds
  A gnoll sergeant (D:7)
  17 bullfrogs
  3 wyvern skeletons
  4 scorpions
  2 hornet simulacra
  35 killer bees
  15 wights
  2 troll zombies (D:12)
  5 crimson imps
  8 hounds
  2 jellies (D:10)
  31 orc priests
  A bullfrog skeleton (D:12)
  An iguana (D:10)
  28 orc wizards
  27 worker ants
  12 hell rats
  4 ogre zombies (D:12)
  A bullfrog simulacrum (D:13)
  A hound zombie (D:5)
  A hound skeleton (D:7)
  2 worker ant zombies
  A howler monkey zombie (D:11)
  Robin (D:3)
  9 gnolls
  11 adders
  5 shadow imps
  A white imp (D:13)
  2 ufetubi (D:13)
  An ooze (D:1)
  An adder skeleton (D:10)
  8 worms
  3 dart slugs
  3 leopard geckos
  108 orcs
  7 bats
  6 giant cockroaches
  13 goblins
  10 hobgoblins
  26 jackals
  5 quokkas
  3 ball pythons
  6 frilled lizards
  3 goblin skeletons (D:12)
  3 goblin zombies (D:12)
  18 kobolds
  An orc skeleton (D:12)
  12 orc zombies (D:12)
  2 quokka skeletons
  10 rats
  4 plants
1003 creatures vanquished.

Vanquished Creatures (others)
  A human (D:14)
  A crimson imp (D:14)
  2 bushes (Lair:6)
  18 fungi
  15 plants
37 creatures vanquished.

Grand Total: 1040 creatures vanquished

Notes
Turn   | Place    | Note
-------+----------+-------------------------------------------
     0 | D:1      | vurker the Naga Venom Mage began the quest for the Orb.
     0 | D:1      | Reached XP level 1. HP: 15/15 MP: 3/3
   385 | D:1      | Reached XP level 2. HP: 20/24 MP: 0/5
   489 | D:1      | Learned a level 2 spell: Poisonous Vapours
   950 | D:1      | Reached XP level 3. HP: 26/30 MP: 3/6
  1570 | D:1      | Reached skill level 1 in Fighting
  1752 | D:2      | Reached skill level 1 in Air Magic
  1760 | D:2      | Reached XP level 4. HP: 17/38 MP: 0/8
  2185 | D:2      | Reached skill level 5 in Poison Magic
  2571 | D:2      | Learned a level 3 spell: Mephitic Cloud
  2575 | D:2      | Learned a level 3 spell: Ignite Poison
  3085 | D:2      | Noticed a moth of wrath
  3268 | D:2      | Found a bloodstained altar of Trog.
  3358 | D:2      | Killed a moth of wrath
  3358 | D:2      | Reached XP level 5. HP: 45/45 MP: 0/10
  3358 | D:2      | Reached XP level 6. HP: 52/52 MP: 0/11
  3772 | D:3      | Reached XP level 7. HP: 51/60 MP: 10/12
  3949 | D:3      | Noticed Robin
  3956 | D:3      | Killed Robin
  4686 | D:3      | Found a hazy altar of Hepliaklqana.
  4688 | D:3      | Found an ornate altar of the Wu Jian Council.
  4903 | D:4      | Found a transporter.
  4904 | D:4      | Noticed sentinel's ghost (amateur SpAr)
  4908 | D:4      | Found a transporter.
  5096 | D:4      | Found a sand-covered staircase.
  5580 | D:5      | Entered Level 5 of the Dungeon
  5689 | D:5      | Found a shattered altar of Ashenzari.
  5822 | D:5      | Found Omibb's Weapon Boutique.
  6388 | D:5      | Found a snail-covered altar of Cheibriados.
  6626 | D:5      | Reached XP level 8. HP: 22/69 MP: 1/15
  6866 | D:5      | Learned a level 4 spell: Olgreb's Toxic Radiance
  6886 | D:6      | Reached skill level 5 in Spellcasting
  7106 | D:6      | Found a staircase to the Ecumenical Temple.
  7127 | Temple   | Entered the Ecumenical Temple
  7150 | Temple   | Became a worshipper of Vehumet
  8584 | D:6      | Noticed Grinder
  8631 | D:6      | Killed Grinder
  8631 | D:6      | Reached XP level 9. HP: 79/79 MP: 11/18
  8812 | D:6      | Found a staircase to the Ecumenical Temple.
  9697 | D:7      | Reached skill level 10 in Poison Magic
  9875 | D:7      | Reached skill level 5 in Fighting
 10002 | D:7      | Reached * piety under Vehumet
 10002 | D:7      | Offered knowledge of Shock by Vehumet.
 10303 | D:7      | Noticed a two-headed ogre
 10309 | D:7      | Killed a two-headed ogre
 10309 | D:7      | Reached XP level 10. HP: 92/92 MP: 7/22
 11279 | D:8      | Noticed Gastronok
 11444 | D:7      | Killed Gastronok
 11444 | D:7      | Reached skill level 10 in Spellcasting
 11524 | D:8      | Reached ** piety under Vehumet
 11619 | D:8      | Found an iron altar of Okawaru.
 11630 | D:8      | Noticed a two-headed ogre
 11637 | D:8      | Killed a two-headed ogre
 11637 | D:8      | Reached XP level 11. HP: 103/103 MP: 9/25
 11730 | D:8      | Offered knowledge of Freeze by Vehumet.
 11992 | D:8      | Found an opulent altar of Gozag.
 11993 | D:8      | Found Gozag's Platinum Reserve.
 12171 | D:8      | Found a glowing silver altar of Zin.
 12188 | D:8      | Learned a level 1 spell: Freeze
 12433 | D:8      | Found a sacrificial altar of Ru.
 12519 | D:9      | Noticed Grum
 12523 | D:9      | Killed Grum
 12523 | D:9      | Reached skill level 1 in Ice Magic
 12535 | D:9      | Reached skill level 1 in Shields
 13298 | D:9      | Reached skill level 2 in Ice Magic
 13614 | D:9      | Reached skill level 3 in Ice Magic
 13686 | D:9      | Found a staircase to the Lair.
 13740 | D:9      | Found Sufof's Gadget Boutique.
 13950 | D:10     | Entered Level 10 of the Dungeon
 14464 | D:10     | Noticed a queen ant
 14466 | D:10     | Offered knowledge of Inner Flame by Vehumet.
 14468 | D:10     | Reached skill level 4 in Ice Magic
 14469 | D:10     | Killed a queen ant
 14771 | D:10     | Reached *** piety under Vehumet
 15096 | D:10     | Reached skill level 5 in Ice Magic
 15174 | D:10     | Reached XP level 12. HP: 114/114 MP: 18/27
 15726 | D:10     | Offered knowledge of Iskenderun's Mystic Blast by Vehumet.
 16359 | D:11     | Reached skill level 6 in Ice Magic
 16511 | D:11     | Noticed a two-headed ogre
 16517 | D:11     | Killed a two-headed ogre
 17233 | Lair:1   | Entered Level 1 of the Lair of Beasts
 17377 | Lair:1   | Reached **** piety under Vehumet
 17379 | Lair:1   | Reached skill level 7 in Ice Magic
 17612 | Lair:1   | Offered knowledge of Fireball by Vehumet.
 17773 | Lair:1   | Noticed a seven-headed hydra
 17780 | Lair:1   | Killed a seven-headed hydra
 18056 | Lair:1   | Reached skill level 10 in Fighting
 18462 | Lair:2   | Reached skill level 8 in Ice Magic
 19083 | Lair:2   | Gained mutation: You can use your snake-like lower body to
                  | constrict enemies. [Naga growth]
 19083 | Lair:2   | Reached XP level 13. HP: 122/122 MP: 24/30
 19930 | Lair:3   | Reached skill level 9 in Ice Magic
 20050 | Lair:3   | Reached ***** piety under Vehumet
 20050 | Lair:3   | Offered knowledge of Ozocubu's Refrigeration by Vehumet.
 21663 | Lair:4   | Found a staircase to the Snake Pit.
 21753 | Lair:4   | Reached skill level 10 in Ice Magic
 21764 | Lair:4   | Noticed Snorg
 21777 | Lair:4   | Killed Snorg
 21797 | Lair:4   | Offered knowledge of Freezing Cloud by Vehumet.
 22726 | Lair:4   | Found a staircase to the Shoals.
 23228 | Lair:5   | Found the amulet of the Four Winds {rN+ MR+++ Clar}
 23690 | Lair:5   | Reached skill level 11 in Ice Magic
 23690 | Lair:5   | Reached XP level 14. HP: 69/132 MP: 29/32
 24781 | Lair:5   | Found a blossoming altar of Fedhas.
 25467 | Lair:6   | Entered Level 6 of the Lair of Beasts
 25595 | Lair:6   | Found a viscous altar of Jiyva.
 25596 | Lair:6   | Found a staircase to the Slime Pits.
 26271 | Lair:6   | Got a coiled amethyst amulet
 26273 | Lair:6   | Identified the amulet "Feiromog" {Reflect +Inv Int+10 Dex-4
                  | SH+5} (You found it on level 6 of the Lair of Beasts)
 27316 | Lair:6   | Noticed a dire elephant
 27588 | Lair:6   | Noticed a dire elephant
 27599 | Lair:6   | Killed a dire elephant
 27599 | Lair:6   | Reached skill level 5 in Shields
 27599 | Lair:6   | Reached skill level 12 in Ice Magic
 27811 | Lair:6   | Killed a dire elephant
 28100 | Lair:6   | Found a staircase to the Slime Pits.
 28101 | Lair:6   | Found a viscous altar of Jiyva.
 28716 | Lair:6   | Noticed a dire elephant
 28728 | Lair:6   | Killed a dire elephant
 29183 | Lair:6   | Noticed a dire elephant
 29183 | Lair:6   | Noticed a dire elephant
 29695 | D:12     | Found a staircase to the Orcish Mines.
 29761 | D:12     | Noticed Rupert
 30380 | D:12     | Offered knowledge of Lee's Rapid Deconstruction by Vehumet.
 30495 | D:12     | Paralysed by Rupert for 3 turns
 30499 | D:12     | Killed Rupert
 31001 | D:12     | Reached skill level 13 in Ice Magic
 31760 | D:12     | Noticed Sonja
 31763 | D:12     | Found the +3 giant club "Skullcrusher" {speed, Str+7}
 31997 | D:12     | Reached XP level 15. HP: 114/140 MP: 29/33
 32296 | D:12     | Killed Sonja
 32826 | Orc:1    | Entered Level 1 of the Orcish Mines
 32826 | Orc:1    | Noticed an orc warlord
 32832 | Orc:1    | Killed an orc warlord
 33036 | Orc:2    | Entered Level 2 of the Orcish Mines
 33037 | Orc:2    | Offered knowledge of Conjure Ball Lightning by Vehumet.
 33831 | Orc:1    | Found a burning altar of Makhleb.
 34186 | Orc:2    | Found a roughly hewn altar of Beogh.
 34296 | Orc:2    | Offered knowledge of Iskenderun's Battlesphere by Vehumet.
 34404 | Orc:2    | Found Uveorr's Gadget Emporium.
 34409 | Orc:2    | Reached skill level 15 in Spellcasting
 34466 | Orc:2    | Found Himuysyz's Jewellery Shoppe.
 34470 | Orc:2    | Reached skill level 14 in Ice Magic
 35374 | Orc:2    | Noticed an orc warlord
 35385 | Orc:2    | Killed an orc warlord
 35503 | Orc:2    | Found a roughly hewn altar of Beogh.
 35527 | Orc:2    | Found Ynliguck's Magic Scroll Emporium.
 35546 | Orc:2    | Bought a scroll of identify for 24 gold pieces
 35546 | Orc:2    | Bought a scroll of identify for 24 gold pieces
 35546 | Orc:2    | Identified 2 scrolls of acquirement
 35946 | Orc:2    | Found Fiuwob's Food Boutique.
 36283 | Orc:2    | Found a staircase to the Elven Halls.
 37251 | D:13     | Offered knowledge of Starburst by Vehumet.
 38025 | D:13     | Noticed Urug
 38031 | D:13     | Killed Urug
 38825 | D:14     | Reached XP level 16. HP: 46/148 MP: 23/35
 38992 | D:14     | Noticed Kirke
 39002 | D:14     | Killed Kirke
 39327 | D:14     | Reached skill level 15 in Ice Magic
 39524 | D:14     | Found a gate to the Vaults.
 40209 | D:15     | Entered Level 15 of the Dungeon
 40517 | D:15     | Offered knowledge of Chain Lightning by Vehumet.
 40806 | D:15     | Got a jewelled ring mail
 40807 | D:15     | Identified the +0 ring mail of Alosiuj {+Inv rF+ Regen+}
                  | (You found it on level 15 of the Dungeon)
 41108 | D:15     | Reached skill level 1 in Evocations
 41434 | D:15     | Found a staircase to the Depths.
 42324 | Shoals:1 | Entered Level 1 of the Shoals
 42324 | Shoals:1 | Found Cihiur's Jewellery Boutique.
 42962 | Shoals:1 | Found a basalt altar of Yredelemnul.
 43629 | Shoals:2 | Reached skill level 16 in Ice Magic
 43767 | Shoals:2 | Noticed Ilsuiw
 44220 | Shoals:3 | HP: 1/148 [harpy (9)]
 44221 | Shoals:3 | Engulfed by a cloud of flame

Illustrated notes

Levels and vault maps discovered:
D:1:      dpeg_arrival_rhombi, layout_loops_corners, hangedman_decor_push,
          serial_bayou_pond_b
D:2:      layout_basic, columned_hall_lemuel, tgw_trog
D:3:      layout_basic, grunt_temple_overflow_open, kennysheep_nondescript,
          uniq_robin
D:4:      layout_basic, gammafunk_ghost_smash, nicolae_ossuary_entry_ruins
D:5:      layout_loops_ring, nicolae_overflow_hidden_temple, first_ration,
          serial_shops, kennysheep_little_box, chei_slow_surprise
D:6:      layout_basic, minmay_temple_entry_statues_fountains, uniq_grinder
D:7:      layout_gridville, uniq_menkaure
D:8:      layout_rooms, old_standard_altar, nicolae_gozag_zags_fifth_avenue,
          okawaru_metal_pillars_1_2, nicolae_ru_sacrificial_ziggurat,
          uniq_gastronok
D:9:      layout_loops_ring, erik_lair_orcish_takeover, serial_shops,
          nicolae_shop_trees, uniq_grum
D:10:     layout_small_grid, blue_anna_alchemist [blue_anna_fruit_fields,
          blue_anna_fruit_fields], minivault_29
D:11:     layout_basic
D:12:     layout_basic, zombieorc1_lemuel, minmay_guarded_unrand_skullcrusher,
          uniq_sonja, uniq_rupert
D:13:     layout_roguey, serial_ice, serial_ice_h, serial_ice_f, serial_ice_g,
          serial_ice_n, uniq_urug
D:14:     layout_loops_corners, david_vaults_2, hex_tiny, uniq_kirke
D:15:     grunt_enter_depths_magical_seal, layout_irregular_city, nicolae_wwwww
Temple:   regret_index_temple_sphere_string
Lair:1:   layout_roguey, chequers_serial_rivers_micro_e, beast_lair_carwin_1,
          infiniplex_staircase_pool, serial_bayou_shore_a
Lair:2:   layout_long_grid
Lair:3:   layout_gridlike, grunt_megastairs_1, infiniplex_staircase_pool_2
Lair:4:   layout_long_grid, minmay_shoals_entry_lonely_mermaid,
          dummy_snake_entry, grunt_forest_large_clearings, grunt_megastairs_4,
          uniq_snorg
Lair:5:   layout_loops_ring, basic_altar, minmay_lair_oklob_chamber
Lair:6:   due_jungle_book, layout_cave_pods, slime_altar_1
Shoals:1: layout_shoals, minmay_shop_enchanted_jewellery, lemuel_altar_in_water
Shoals:2: layout_shoals, lightli_airlock, uniq_ilsuiw
Shoals:3: layout_shoals, lemuel_oklob_altar
Orc:1:    layout_diamond_mine, basic_altar, special_room [special_room_bee]
Orc:2:    pubby_orc_utopia, serial_shops

Skill      XL: |  1  2  3  4  5  6  7  8  9 10 11 12 13 14 15 16 |
---------------+-------------------------------------------------+-----
Fighting       | 1 2 3 4 6 8 9 10 | 10.7
Air Magic      | 1 2 |  2.0
Poison Magic   | 6 7 9 10 | 10.0
Spellcasting   | 3 4 6 8 10 11 13 14 15 | 15.8
Conjurations   | 2 3 |  3.0
Fire Magic     | 2 |  2.0
Ice Magic      | 5 8 11 13 14 16 | 16.0
Shields        | 2 3 6 7 8 |  8.8
Evocations     | 3 |  3.6
Dodging        | |  1.5
Stealth        | |  3.0
Transmutations | |  1.0

Action                   |  1- 3 |  4- 6 |  7- 9 | 10-12 | 13-15 | 16-18 || total
-------------------------+-------+-------+-------+-------+-------+-------++-------
Melee: Short sword       |    70 |    55 |   264 |    71 |       |       ||   460
       Unarmed           |     1 |       |       |       |       |       ||     1
       Dagger            |       |       |       |   164 |   205 |    83 ||   452
       Staff             |       |       |       |       |   163 |     7 ||   170
       Constrict         |       |       |       |       |    83 |    20 ||   103
 Cast: Sting             |    48 |    31 |   131 |    20 |     4 |     1 ||   235
       Poisonous Vapours |       |    11 |    51 |   269 |   384 |   129 ||   844
       Ignite Poison     |       |       |    13 |    49 |   171 |    71 ||   304
       Mephitic Cloud    |       |       |    12 |    30 |    91 |    22 ||   155
       Olgreb's Toxic Ra |       |       |     3 |    45 |   194 |    47 ||   289
 Abil: Spit Poison       |     2 |     1 |     2 |     2 |     2 |       ||     9
Evoke: Wand              |       |       |     3 |     2 |    13 |     3 ||    21
  Use: Scroll            |       |       |    12 |     9 |    12 |     5 ||    38
       Potion            |       |       |       |       |     1 |       ||     1
 Stab: Sleeping          |     1 |     1 |     2 |     2 |     1 |     1 ||     8
       Distracted        |       |       |     1 |       |       |     1 ||     2
  Eat: Chunk             |     2 |     6 |    18 |    20 |    33 |    10 ||    89
       Ration            |       |       |       |     1 |     4 |     1 ||     6
Armor: Robe              |    31 |    14 |   162 |   106 |   143 |    39 ||   495
Dodge: Dodged            |    76 |    29 |   221 |   158 |   192 |    51 ||   727
Block: Buckler           |       |       |       |    49 |    11 |       ||    60
       Kite shield       |       |       |       |       |   321 |   101 ||   422
       Reflection        |       |       |       |       |    17 |    10 ||    27
       Tower shield      |       |       |       |       |       |    44 ||    44

Table legend:
 A = Non-vault XP
 B = Vault XP
 C = Vault XP percentage of total XP
 D = Non-vault monster count
 E = Vault monster count
 F = Vault count percentage of total count
                 A         B        C        D         E       F
            +---------+---------+-------+---------+---------+-------
      Total |  109339 |   62719 |  36.5 |     616 |     383 |  38.3
            +---------+---------+-------+---------+---------+-------
        D:1 |      47 |      13 |  21.7 |      24 |       6 |  20.0
        D:2 |      79 |     463 |  85.4 |      26 |       6 |  18.8
        D:3 |      77 |      33 |  30.0 |      24 |      11 |  31.4
        D:4 |     167 |       0 |   0.0 |       8 |       0 |   0.0
        D:5 |     497 |       5 |   1.0 |      14 |       1 |   6.7
        D:6 |    1019 |     267 |  20.8 |      22 |       1 |   4.3
        D:7 |    3561 |    2245 |  38.7 |      55 |       1 |   1.8
        D:8 |    1815 |       0 |   0.0 |      18 |       0 |   0.0
        D:9 |    1850 |    1276 |  40.8 |      23 |      13 |  36.1
       D:10 |    1342 |    4665 |  77.7 |      21 |      40 |  65.6
       D:11 |    4843 |       0 |   0.0 |      27 |       0 |   0.0
       D:12 |    7577 |   10135 |  57.2 |      36 |      51 |  58.6
       D:13 |    4639 |    1741 |  27.3 |      31 |      11 |  26.2
       D:14 |    7643 |    2803 |  26.8 |      22 |       5 |  18.5
       D:15 |   13432 |    4085 |  23.3 |      36 |       9 |  20.0
     Lair:1 |    4188 |    1359 |  24.5 |      18 |       9 |  33.3
     Lair:2 |    3291 |       0 |   0.0 |      20 |       0 |   0.0
     Lair:3 |   10615 |     145 |   1.3 |      40 |       1 |   2.4
     Lair:4 |    2449 |    6301 |  72.0 |      14 |      39 |  73.6
     Lair:5 |    4865 |    2390 |  32.9 |      27 |       5 |  15.6
     Lair:6 |   10786 |    2772 |  20.4 |      33 |       5 |  13.2
   Shoals:1 |   12840 |       0 |   0.0 |      25 |       0 |   0.0
   Shoals:2 |    5071 |       0 |   0.0 |       9 |       0 |   0.0
   Shoals:3 |    1655 |       0 |   0.0 |       2 |       0 |   0.0
      Orc:1 |    4991 |    1793 |  26.4 |      41 |      25 |  37.9
      Orc:2 |       0 |   20228 | 100.0 |       0 |     144 | 100.0
            +---------+---------+-------+---------+---------+-------
